 Dungeon Crawl Stone Soup version 0.29.1-15-g9cfb28693d (webtiles) character file.

Game seed: 17866859103209280531

16 hawla the Firebug (level 3, 0/26 HPs)
             Began as a Meteoran Fire Elementalist on Mar 28, 2023.
             Slain by a scorpion (3 damage)
             ... on level 4 of the Dungeon.
             The game lasted 00:03:18 (646 turns).

hawla the Firebug (Meteoran Fire Elementalist)       Turns: 646, Time: 00:03:19

Health: 0/26       AC:  2    Str:  9    XL:     3   Next: 0%
Magic:  1/8        EV: 12    Int: 18    God:
Gold:   101        SH:  0    Dex: 15    Spells: 5/8 levels left

rFire   . . .      SeeInvis .   g - staff of death
rCold   . . .      Faith    .   (no shield)
rNeg    + . .      Spirit   .   a - +0 robe
rPois   .          Reflect  .   (no helmet)
rElec   .          Harm     .   (no cloak)
rCorr   .          Rampage  .   (no gloves)
Will    .....                   (no boots)
Stlth   +.........              (no amulet)
HPRegen 0.08/turn               (no ring)
MPRegen 0.11/turn               (no ring)

@: lethally poisoned (0 -> -18), very slightly contaminated, hasted, glowing,
very quick
A: sense surroundings 1, otherworldly, glowing, explore regen
a: no special abilities


You were on level 4 of the Dungeon.
You visited 1 branch of the dungeon, and saw 4 of its levels.

You collected 101 gold pieces.

Inventory:

Armour
 a - a +0 robe (worn)
Magical Staves
 g - a staff of death (weapon)
Scrolls
 c - 2 scrolls of teleportation {unknown}
 e - a scroll of identify {unknown}
 h - a scroll of noise {unknown}
Potions
 b - a potion of magic
 f - a potion of attraction {unknown}


   Skills:
 - Level 2.5 Dodging
 - Level 1.4 Stealth
 - Level 3.0 Spellcasting
 - Level 1.4 Conjurations
 + Level 0.3 Necromancy
 - Level 4.2 Fire Magic
 + Level 0.4 Evocations


You had 5 spell levels left.
You knew the following spells:

 Your Spells              Type           Power      Damage    Failure   Level
a - Foxfire               Conj/Fire      48%        2x1d6     5%          1
b - Scorch                Fire           34%        2d7       4%          2

Your spell library contained the following spells:

 Spells                   Type           Power      Damage    Failure   Level
 Conjure Flame            Conj/Fire      12%        6-21      16%         3
 Inner Flame              Hex/Fire       10%        N/A       21%         3
 Flame Wave               Conj/Fire      12%        2d6       45%         4


Dungeon Overview and Level Annotations

Branches:
Dungeon (4/15) Zot: 1753
 Temple: D:4-7

Altars:

Shops:
D:3 (

Annotations:
D:3 2 transporters, Wiggles's ghost, amateur MiBe


Innate Abilities, Weirdness & Mutations

You passively map a small area around you.
You are easily found by Zot.
You glow in the dark.
You regain HP and MP as you explore.


Message History

You feel clever. x2; You feel agile.
You see here a jackal corpse.
Your foxfire dissipates!
A scorpion and a goblin come into view.
The goblin is wielding a +3 dagger of venom.
Found a stone staircase leading down.
The scorpion attacks as you move away! The scorpion closely misses you.
The scorpion attacks as you move away! The scorpion stings you.
You see here a jackal corpse.
Casting: Foxfire (safe; 5% risk of failure)
Confirm with . or Enter, or press ? or * to list all spells.
Flames lash the scorpion.
The scorpion is lightly wounded.
The scorpion's fire resistance burns away.
The scorpion misses you.
Casting: Scorch (safe; 4% risk of failure)
Confirm with . or Enter, or press ? or * to list all spells.
Flames lash the scorpion.
The scorpion is burned terribly!
The scorpion is almost dead.
The scorpion barely misses you. The scorpion misses you.
Unknown command.
Casting: Scorch (safe; 4% risk of failure)
Confirm with . or Enter, or press ? or * to list all spells.
You miscast Scorch.
You are very lightly contaminated with residual magic.
Nothing appears to happen.
The scorpion stings you.
You are poisoned.
The scorpion poisons you!
You hit the scorpion.
The scorpion is almost dead.
You feel very sick. The scorpion stings you.
You are more poisoned.
The scorpion poisons you!
Unknown command.
It was a potion of haste.
You feel yourself speed up.
* * * LOW HITPOINT WARNING * * *
You feel very sick. The scorpion stings you.
You die...

* ,, * * ,* * *,*
#
#.#.#############
#.............s@#
#.#.###########.#
*.. , #.# #. * *
#.# .. , , * #.#
g , , #.# #.# **
#.#### #...<#


You could see a scorpion (combustible).

Vanquished Creatures
  An orc (D:3)
  4 ball pythons
  An endoplasm (D:3)
  A giant cockroach (D:1)
  2 hobgoblins
  2 jackals (D:4)
  2 kobolds
  A rat (D:3)
14 creatures vanquished.

Vanquished Creatures (others)
  24 foxfires
24 creatures vanquished.

Grand Total: 38 creatures vanquished

Notes
Turn   | Place    | Note
-------+----------+-------------------------------------------
     0 | D:1      | hawla the Meteoran Fire Elementalist began the quest for
                  | the Orb.
     0 | D:1      | Reached XP level 1. HP: 14/14 MP: 5/5
   226 | D:1      | Reached XP level 2. HP: 20/20 MP: 3/6
   274 | D:3      | Reached skill level 4 in Fire Magic
   277 | D:3      | Learned a level 2 spell: Scorch
   297 | D:3      | Found a transporter.
   297 | D:3      | Noticed Wiggles's ghost (amateur MiBe)
   297 | D:3      | Noticed a scorpion
   360 | D:3      | Found a transporter.
   422 | D:3      | Found Futogy's Weapon Shop.
   440 | D:3      | Found a faded altar of an unknown god.
   622 | D:4      | Reached XP level 3. HP: 26/26 MP: 4/8
   631 | D:4      | Noticed a scorpion
   646 | D:4      | Slain by a scorpion

Illustrated notes

Levels and vault maps discovered:
D:1:      spicycebolla_arrival_risky_transporter, layout_loops_ring
D:2:      layout_basic
D:3:      layout_loops_ring, hellmonk_ecumenical_altar_blasted, serial_shops,
          shop, gammafunk_ghost_arena, kennysheep_nondescript,
          nrook_loot_triangle
D:4:      layout_basic, mainiacjoe_overflow_paths, serial_shops,
          nicolae_shop_crystal

Skill      XL: |  1  2 |
---------------+-------+-----
Fire Magic     | 4 |  4.2
Spellcasting   | 3 |  3.0
Dodging        | |  2.5
Stealth        | |  1.4
Conjurations   | |  1.4
Necromancy     | |  0.3
Evocations     | |  0.4

Action                   || total
-------------------------++-------
Melee: Unarmed           ||     3
       Staff             ||     1
 Cast: Foxfire           ||    16
       Scorch            ||     6
  Use: Potion            ||     1
Armor: Robe              ||     2
Dodge: Dodged            ||     9
